 Dungeon Crawl Stone Soup version 0.32-a0-616-g9348d4545b (webtiles) character file.

Game seed: 12011347955131153670

38 cforsyth the Grave Robber (level 3, 0/29 HPs)
             Began as a Mountain Dwarf Necromancer on Mar 5, 2024.
             Slain by a bat (1 damage)
             ... on level 3 of the Dungeon.
             The game lasted 00:02:46 (1113 turns).

cforsyth the Grave Robber (MDNe)                    Turns: 1113, Time: 00:02:47

Health: 0/29       AC:  3    Str: 12    XL:     3   Next: 25%
Magic:  0/5        EV:  6    Int: 15    God:
Gold:   72         SH:  0    Dex: 10    Spells: 4/5 levels left

rFire   . . .        (no weapon)
rCold   . . .        (no shield)
rNeg    . . .        a - +0 robe
rPois   .            g - +0 helmet
rElec   .            (no cloak)
rCorr   .            (no gloves)
SInv    .            (no boots)
Will    .....        (no amulet)
Stlth   ++           (no ring)
HPRegen 0.24/turn    (no ring)
MPRegen 0.09/turn

%: no passive effects
@: held
A: runic magic, artefact enchanting
a: no special abilities


You were on level 3 of the Dungeon.
You visited 1 branch of the dungeon, and saw 3 of its levels.

You collected 72 gold pieces.


Innate Abilities, Weirdness & Mutations

Your spellcasting is much less encumbered by armour.
You can use scrolls of enchantment on lesser artefacts.


   Skills:
 + Level 2.1 Fighting
 - Level 1.3 Dodging
 - Level 1.4 Stealth
 - Level 1.7 Spellcasting
 + Level 5.0 Necromancy


You had 4 spell levels left.
You knew the following spells:

 Your Spells              Type           Power      Damage    Failure   Level
X - Necrotise             Necr           64%        1d7       2%          1

Your spell library contained the following spells:

 Spells                   Type           Power      Damage    Failure   Level
 Vampiric Draining        Necr           16%        2d7       9%          3
 Animate Dead             Necr           16%        N/A       28%         4
 Curse of Agony           Necr           16%        N/A       61%         5

Inventory:

Armour
 a - a +0 robe (worn)
 g - a +0 helmet (worn)
Scrolls
 d - a scroll of identify {@r1}
Potions
 b - a potion of magic
 e - a potion of resistance

Dungeon Overview and Level Annotations

Branches:
Dungeon (2/15)

Altars:

Portals:
Sewer: D:3

#### *####
###~~#####.~.#
#...~~~~~~~..#
#....~~~~~~~~#
##...####∩~~#*
#......##~~#
#.......#~~#
##.##..wb#~~#
#..###.#@#~~###
#w## #.#...~~##
#.# #.#....~##
#b# #......###
#.# #####..#
#.# #### #.#
#####.###
##...#...##


You could see a ribbon worm (catching breath) and a bat.


Message History

Press: ? - help, Shift-Dir - straight line, f - ribbon worm
Aim: a ribbon worm (lightly wounded, chance to affect: 80%)
The ribbon worm barely resists.
The bat closely misses you.
The ribbon worm expels a string of sticky webbing.
The stream of webbing hits you but does no damage.
You are caught in a web!
Casting: Necrotise (safe; 2% risk of failure)
Confirm with . or Enter, or press ? or * to list all spells.
Aiming: Necrotise (safe; 2% risk of failure)
Press: ? - help, Shift-Dir - straight line, f/p - ribbon worm
Aim: a ribbon worm (lightly wounded, catching its breath, chance to affect: 80%)
The ribbon worm writhes in agony.
The bat barely misses you. The ribbon worm bites you!
* * * LOW HITPOINT WARNING * * *
Casting: Necrotise (safe; 2% risk of failure)
Confirm with . or Enter, or press ? or * to list all spells.
Aiming: Necrotise (safe; 2% risk of failure)
Press: ? - help, Shift-Dir - straight line, f/p - ribbon worm
Aim: a ribbon worm (moderately wounded, catching its breath, chance to affect: 80%)
The ribbon worm writhes in agony.
The bat hits you but does no damage. The ribbon worm bites you.
* * * LOW HITPOINT WARNING * * *
Casting: Necrotise (safe; 2% risk of failure)
Confirm with . or Enter, or press ? or * to list all spells.
Aiming: Necrotise (safe; 2% risk of failure)
Press: ? - help, Shift-Dir - straight line, f/p - ribbon worm
Aim: a ribbon worm (heavily wounded, catching its breath, chance to affect: 80%)
The ribbon worm writhes in agony.
The bat hits you but does no damage. The bat hits you.
You die...

Skill      XL: |  1  2 |
---------------+-------+-----
Fighting       | 1 2 |  2.1
Necromancy     | 5 |  5.0
Dodging        | |  1.3
Stealth        | |  1.4
Spellcasting   | |  1.7

Action                     || total
---------------------------++-------
  Melee: Unarmed           ||    46
         Punch             ||     1
   Cast: Necrotise         ||    50
    Use: Scroll            ||     4
 Armour: Robe              ||    51
  Dodge: Dodged            ||    49

Levels and vault maps discovered:
D:1:      grunt_arrival_crossed_arrows, layout_basic,
          chequers_serial_rivers_micro_b
D:2:      layout_loops_ring, ebering_ecumenical_altar_box, serial_shops, shop
D:3:      wad_crossroads, layout_rooms, mainiacjoe_overflow_alcove_3,
          cheibrodos_sewer_entry_bend, kennysheep_generic_room_11

Notes
Turn   | Place    | Note
-------+----------+-------------------------------------------
     0 | D:1      | cforsyth the Mountain Dwarf Necromancer began the quest for
                  | the Orb.
     0 | D:1      | Reached XP level 1. HP: 14/14 MP: 3/3
    95 | D:1      | Reached skill level 1 in Fighting
   240 | D:1      | Reached XP level 2. HP: 22/23 MP: 0/4
   941 | D:2      | You fall into a shaft and drop 1 floor!
   945 | D:3      | Identified a potion of resistance
   968 | D:3      | Reached skill level 2 in Fighting
   968 | D:3      | Reached skill level 5 in Necromancy
   968 | D:3      | Reached XP level 3. HP: 20/29 MP: 0/5
  1024 | D:3      | Found a glowing drain.
  1112 | D:3      | HP: 1/29 [ribbon worm (4)]
  1113 | D:3      | Slain by a bat

Vanquished Creatures
  An adder (D:3)
  2 dart slugs (D:1)
  A ribbon worm (D:3)
  4 ball pythons (D:1)
  2 endoplasms
  A goblin (D:1)
  2 hobgoblins
  A quokka (D:2)
  A bat (D:1)
  4 frilled lizards (D:1)
  2 kobolds
  4 rats (D:1)
25 creatures vanquished.

Table legend: (Time is in decaauts)
 A = Elapsed time spent in this place.
 B = Non-inter-level travel time spent in this place.
 C = Inter-level travel time spent in this place.
 D = Time resting spent in this place.
 E = Time spent auto-exploring this place.
 F = Levels seen in this place.
 G = Mean time per level.
                   A        B        C        D        E       F      G
               +--------+--------+--------+--------+--------+-----+--------+
         Total |   1112 |   1112 |      0 |      0 |    857 |   3 |  370.7 |
       Dungeon |   1112 |   1112 |      0 |      0 |    857 |   3 |  370.7 |
               +--------+--------+--------+--------+--------+-----+--------+

Top non-repeatable levels by time:
     D:1: 773 daAuts
     D:3: 171 daAuts
     D:2: 167 daAuts

Table legend:
 A = Non-vault XP
 B = Vault XP
 C = Vault XP percentage of total XP
 D = Non-vault monster count
 E = Vault monster count
 F = Vault count percentage of total count
                 A         B        C        D         E       F
            +---------+---------+-------+---------+---------+-------
      Total |      51 |       4 |   7.3 |      24 |       1 |   4.0
            +---------+---------+-------+---------+---------+-------
        D:1 |      29 |       0 |   0.0 |      19 |       0 |   0.0
        D:2 |       8 |       0 |   0.0 |       4 |       0 |   0.0
        D:3 |      14 |       4 |  22.2 |       1 |       1 |  50.0
            +---------+---------+-------+---------+---------+-------
